 Dungeon Crawl Stone Soup version 0.30-a0-304-gdc4b735fe1 (webtiles) character file.

Game seed: 13884398607538155698

6834 Sobieck the Covert (level 11, -8/111 HPs)
             Began as a Kobold Brigand on Oct 20, 2022.
             Was a Believer of Uskayaw.
             Mangled by Snorg (17 damage)
             ... on level 10 of the Dungeon.
             The game lasted 00:24:07 (10802 turns).

Sobieck the Covert (Kobold Brigand)                Turns: 10802, Time: 00:24:07

Health: -8/111     AC:  8    Str:  9    XL:     11   Next: 26%
Magic:  13/13      EV: 22    Int: 12    God:    Uskayaw [**....]
Gold:   569        SH:  5    Dex: 21    Spells: 10/10 levels left

rFire   . . .      SeeInvis .    a - +1 rapier (freeze) {short}
rCold   . . .      Faith    .    P - +0 buckler
rNeg    . . .      Spirit   .    s - +0 acid dragon scales
rPois   .          Reflect  .    (no helmet)
rElec   .          Harm     .    c - +0 cloak
rCorr   +          Rampage  .    v - +0 pair of gloves
Will    +....                    (no boots)
Stlth   ..........               (no amulet)
HPRegen 0.38/turn                H - +4 ring of evasion
MPRegen 0.13/turn                n - ring of willpower

@: mighty, berserking, very quick
A: small, no large weapons, nightstalker 3
a: Renounce Religion, Stomp, Line Pass


You were on level 10 of the Dungeon.
You worshipped Uskayaw.
Uskayaw was noncommittal.
You visited 2 branches of the dungeon, and saw 11 of its levels.

You collected 569 gold pieces.


Innate Abilities, Weirdness & Mutations

You are small and have problems with some larger weapons.
You are completely attuned to the shadows.


   Skills:
 + Level 11.1 Fighting
 + Level 10.1 Short Blades
 - Level 2.1 Throwing
 + Level 0.9 Armour
 + Level 8.1 Dodging
 + Level 12.1 Stealth
 + Level 0.8 Shields
 + Level 3.3 Invocations


You had 10 spell levels left.
You didn't know any spells.
Your spell library contained the following spells:

 Spells                   Type           Power      Damage    Failure   Level
 Magic Dart               Conj           0%         1d3       65%         1
 Call Imp                 Summ           0%         N/A       78%         2
 Scorch                   Fire           0%         2d5       78%         2
 Dazzling Flash           Conj/Hex       0%         N/A       95%         3
 Mephitic Cloud           Conj/Pois/Air  0%         N/A       95%         3
 Portal Projectile        Hex/Tloc       0%         N/A       95%         3
 Tukima's Dance           Hex            0%         N/A       95%         3
 Flame Wave               Conj/Fire      0%         2d4       100%        4
 Iskenderun's Mystic Bla  Conj/Tloc      0%         2d3       100%        4
 Summon Ice Beast         Ice/Summ       0%         N/A       100%        4
 Blade Hands              Tmut           0%         N/A       100%        5
 Summon Mana Viper        Hex/Summ       0%         N/A       100%        5
 Starburst                Conj/Fire      0%         6d3       100%        6
 Summon Cactus Giant      Summ           0%         N/A       100%        6
 Monstrous Menagerie      Summ           0%         N/A       100%        7

Inventory:

Hand Weapons
 a - a +1 rapier of freezing (weapon) {short}
   (You found it on level 9 of the Dungeon)
 b - the +2 long sword of the Lesser Evil {spect, rElec rN+ Dex+5, long}
   (You found it on level 8 of the Dungeon)

   When its wielder attacks, the weapon's spirit leaps out and strikes again.
   The spirit shares a part of any damage it takes with its wielder.
   Dex:       It affects your dexterity (+5).
   rElec:     It insulates you from electricity.
   rN:        It protects you from negative energy.
 q - a +2 dagger of venom {short}
 B - a +0 rapier of flaming {short}
   (You found it on level 9 of the Dungeon)
 X - a +0 vampiric rapier {short}
   (You found it on level 8 of the Dungeon)
Missiles
 d - 23 poisoned darts (quivered) {throwing}
 e - 3 curare-tipped darts {=fthrowing}
 f - 3 boomerangs of dispersal {=f!fthrowing}
 h - 91 stones {throwing}
 o - 7 boomerangs {throwing}
Armour
 c - a +0 cloak (worn)
 s - +0 acid dragon scales (worn)
   (You found it on level 8 of the Dungeon)
 v - a +0 pair of gloves (worn)
   (You found it on level 2 of the Dungeon)
 C - a +0 ring mail
   (You found it on level 4 of the Dungeon)
 E - a +0 robe
   (You took it off Jessica on level 3 of the Dungeon)
 K - a +0 robe
   (You took it off Dowan on level 4 of the Dungeon)
 M - a +0 leather armour
   (You took it off an orc on level 5 of the Dungeon)
 N - a +0 ring mail
   (You took it off an orc priest on level 5 of the Dungeon)
 O - a +0 leather armour
   (You took it off an orc priest on level 5 of the Dungeon)
 P - a +0 buckler (worn)
   (You found it on level 9 of the Dungeon)
 R - a +0 ring mail
   (You took it off an orc on level 5 of the Dungeon)
 S - a +0 robe
   (You took it off an orc wizard on level 5 of the Dungeon)
 Y - a +0 leather armour
   (You found it on level 6 of the Dungeon)
 Z - a +0 robe
   (You took it off a wight on level 6 of the Dungeon)
Magical Staves
 j - a staff of air {!astaff}
   (You found it on level 4 of the Dungeon)
 G - a staff of earth {!astaff}
   (You took it off a goblin on level 3 of the Dungeon)
Jewellery
 n - a ring of willpower (right hand)
   (You found it on level 1 of the Dungeon)
 D - a +6 ring of intelligence
   (You found it on level 3 of the Dungeon)
 H - a +4 ring of evasion (left hand)
   (You found it on level 4 of the Dungeon)
 L - a ring of ice
   (You found it on level 5 of the Dungeon)
Wands
 F - a wand of roots (7)
   (You found it on level 4 of the Dungeon)
 I - a wand of flame (30)
   (You found it on level 8 of the Dungeon)
Scrolls
 g - 4 scrolls of poison {!r}
 i - 5 scrolls of teleportation {@r4}
 l - a scroll of magic mapping {!r}
 r - 4 scrolls of fog
 y - a scroll of amnesia
 J - a scroll of fear
 Q - 3 scrolls of torment {!r}
 T - a scroll of summoning
 W - 3 scrolls of identify {@r1}
Potions
 k - 5 potions of curing {@q1}
 m - 2 potions of ambrosia
 p - 2 potions of attraction {!q}
 t - 2 potions of brilliance
 u - a potion of flight
 w - 2 potions of heal wounds {@q2}
 x - a potion of resistance
 z - a potion of mutation {!q}
 V - a potion of invisibility

Dungeon Overview and Level Annotations

Branches:
Dungeon (10/15) Zot: 26195  Temple (1/1) D:6 Zot: 5985
   Lair: D:8-11         Orc: D:9-12

Altars:
Cheibriados
Gozag
Kikubaaqudgha
Makhleb
Okawaru
Qazlal
Ru
Sif Muna
Uskayaw
Vehumet
Wu Jian
Xom
Yredelemnul
Zin
The Shining One

Annotations:
D:6 exclusion: steam dragon
D:7 3 runed translucent doors, exclusion: door, Crazy Yiuf
D:10 Snorg

##.## ....... ###.##
....... ...## .......
)..# ....^.. #.## #.
...... .........# #.#
###.##
#........<......## #.#
#....###...............#
..#
......##...............#
###
......eT@..............#
#
..###...............##.#
# #......[......####.#
#.........#..## #.#
#......####.## .##
#...#### #..# # ##.##
#.## #.# .. ...


You could see Snorg (berserk) and a deep elf pyromancer (strong).


Message History

Uskayaw prepares the audience for your solo!
The helpless kobold brigand fails to defend itself.
You perforate the kobold brigand like a sieve!!!!
You freeze the kobold brigand.
You kill the kobold brigand!
The helpless gnoll fails to defend itself.
You perforate the gnoll like a sieve!!!!
You freeze the gnoll.
You kill the gnoll!
Uskayaw will force your foes to share their pain.
Uskayaw links your audience in an emotional bond!
The helpless gnoll fails to defend itself.
You stick the gnoll like a pincushion!!!!
You kill the kobold! x2
You freeze the gnoll.
You kill the gnoll!
The kobold is no longer paralysed. x2
The helpless kobold fails to defend itself.
You spit the kobold like a pig!!!!
You kill the kobold!
You freeze the kobold.
You kill the kobold!
You puncture the kobold! You freeze the kobold.
You kill the kobold!
No target in view!
No target in view!
Unknown command.
Unknown command.
h - 86 stones {throwing} (gained 4)
Items here: )) ††.
d - 23 poisoned darts {throwing} (gained 4)
You see here a +0 whip {mace}.
Unknown command.
h - 91 stones {throwing} (gained 5)
You see here a +0 short sword {short}.
You now have 545 gold pieces (gained 15).
A komodo dragon comes into view.
Danger!
The helpless komodo dragon fails to defend itself.
You skewer the komodo dragon like a kebab!!!!
You freeze the komodo dragon!!
You kill the komodo dragon!
Unknown command.
Unknown command.
Found an escape hatch in the floor.
Unknown command.
You see here a +0 mace {mace}.
You see here a +0 club {mace}.
You pick up a book of Weapons and begin reading...
You add the spells Tukima's Dance, Portal Projectile and Blade Hands to your library.
Unknown command.
You now have 561 gold pieces (gained 16).
Found a stone staircase leading up.
Unknown command.
You see here the +1 chain mail of Lethargy {Str+4}.
Unknown command.
You now have 569 gold pieces (gained 8).
Snorg the Insatiable comes into view.
Danger!
A deep elf pyromancer comes into view. It is wielding a +0 long sword.
The deep elf pyromancer shouts!
The deep elf pyromancer gestures wildly while chanting.
The deep elf pyromancer blinks!
Snorg shouts!
Unknown command.
Snorg goes berserk!
Unknown command.
You feel very mighty all of a sudden. Snorg completely misses you.
Snorg misses you. Snorg closely misses you.
Really quaff
A - a potion of berserk rage {!q}?
A red film seems to cover your vision as you go berserk!
You feel yourself moving faster!
You feel mighty! You block Snorg's attack. Snorg closely misses you. x2
Unknown command.
You closely miss Snorg. Snorg completely misses you. Snorg barely misses you.
Snorg misses you.
You hit Snorg. You freeze Snorg. Snorg bites you!! You block Snorg's attack.
Snorg barely misses you.
Unknown command.
You closely miss Snorg. Snorg misses you. You block Snorg's attack.
Snorg claws you.
You puncture Snorg! You freeze Snorg.
Unknown command.
You puncture Snorg! You freeze Snorg. Snorg bites you! Snorg claws you!
Snorg completely misses you.
You impale Snorg!! You freeze Snorg. Snorg bites you!!
* * * LOW HITPOINT WARNING * * *
Snorg claws you.
* * * LOW HITPOINT WARNING * * *
Snorg misses you.
You can now pass through a line of other dancers.
You puncture Snorg! You freeze Snorg.
Unknown command.
You closely miss Snorg. Snorg bites you!!
* * * LOW HITPOINT WARNING * * *
You block Snorg's attack. Snorg claws you but does no damage.
The deep elf pyromancer drinks a potion.
The deep elf pyromancer seems to grow stronger.
You completely miss Snorg. Snorg bites you!
You die...

Skill      XL: |  1  2  3  4  5  6  7  8  9 10 11 |
---------------+----------------------------------+-----
Short Blades   | 3 4 5 6 8 10 | 10.1
Dodging        | 2 3 4 5 6 8 |  8.1
Fighting       | 3 4 5 6 7 10 11 | 11.1
Stealth        | 6 7 8 10 12 | 12.1
Invocations    | 1 3 |  3.3
Throwing       | |  2.1
Armour         | |  0.9
Shields        | |  0.8

Action                   |  1- 3 |  4- 6 |  7- 9 | 10-12 || total
-------------------------+-------+-------+-------+-------++-------
Melee: Dagger            |    53 |    99 |   369 |     2 ||   523
       Punch             |       |     3 |    13 |       ||    16
       Long sword        |       |       |     9 |    12 ||    21
       Rapier            |       |       |       |    90 ||    90
Throw: Dart              |       |       |       |     2 ||     2
Invok: Line Pass         |       |       |     4 |     1 ||     5
  Use: Scroll            |       |    14 |    10 |     4 ||    28
       Potion            |       |       |     2 |     2 ||     4
 Stab: Sleeping          |    16 |    14 |    21 |    14 ||    65
       Confused          |       |       |     1 |     1 ||     2
       Distracted        |       |       |     1 |       ||     1
       Paralysed         |       |       |       |    10 ||    10
Armor: Robe              |     6 |     5 |    37 |       ||    48
       Acid dragon scale |       |       |       |    13 ||    13
Dodge: Dodged            |    30 |    47 |   312 |   115 ||   504
Block: Buckler           |       |       |       |    21 ||    21

Levels and vault maps discovered:
D:1:      minmay_arrival_five_plusses, layout_basic,
          chequers_serial_rivers_room_a
D:2:      layout_basic
D:3:      layout_loops_ring, ebering_ecumenical_altar_mist, serial_bayou_pond_a,
          uniq_jessica
D:4:      layout_loops_corners, mainiacjoe_overflow_alcove_2, uniq_duvessa
D:5:      layout_loops_ring, serial_demonic, serial_demonic_b, serial_demonic_a,
          serial_demonic_g, serial_demonic_c
D:6:      layout_loops_ring, minmay_temple_entry_statues_fountains,
          kennysheep_opposing_triangles
D:7:      minmay_clustersquares, layout_basic, lemuel_coloured_pillars_altar,
          cheibrodos_worm_habitat, mainiacjoe_overflow_brackets,
          grunt_temple_overflow_open, ebering_ghost_disaster_area,
          uniq_crazy_yiuf_cottage, uniq_prince_ribbit1
D:8:      layout_loops_corners, mainiacjoe_overflow_alcove_1
D:9:      layout_roguey, lemuel_blue_sif_altar, pdpol_wu_jian_five_deadly_venoms
D:10:     layout_layer_cave, grunt_gozag_statues, minivault_12, uniq_snorg
Temple:   hellmonk_temple_two_chambers

Notes
Turn   | Place    | Note
-------+----------+-------------------------------------------
     0 | D:1      | Sobieck the Kobold Brigand began the quest for the Orb.
     0 | D:1      | Reached XP level 1. HP: 12/12 MP: 1/1
   205 | D:1      | Reached XP level 2. HP: 18/18 MP: 2/2
   263 | D:1      | Reached skill level 3 in Short Blades
  1257 | D:2      | You pick up a book of Beasts and begin reading...
  1257 | D:2      | You add the spells Summon Ice Beast, Summon Mana Viper and
                  | Monstrous Menagerie to your library.
  1289 | D:2      | Reached XP level 3. HP: 22/22 MP: 3/3
  1411 | D:2      | Reached skill level 2 in Dodging
  1615 | D:2      | You pick up a book of Scorching and begin reading...
  1615 | D:2      | You add the spells Scorch, Flame Wave and Summon Cactus
                  | Giant to your library.
  1918 | D:2      | Reached XP level 4. HP: 27/27 MP: 4/4
  1949 | D:2      | Reached skill level 3 in Fighting
  1949 | D:2      | Reached skill level 6 in Stealth
  2293 | D:3      | Found a faded altar of an unknown god.
  2394 | D:3      | Noticed Jessica
  2402 | D:3      | Killed Jessica
  2403 | D:3      | Reached skill level 4 in Short Blades
  2403 | D:3      | Reached skill level 3 in Dodging
  2403 | D:3      | Reached XP level 5. HP: 32/32 MP: 5/5
  2952 | D:3      | Noticed an ogre
  2956 | D:3      | Killed an ogre
  2957 | D:3      | Reached skill level 4 in Fighting
  2957 | D:3      | Reached skill level 4 in Dodging
  2957 | D:3      | Reached XP level 6. HP: 38/38 MP: 6/6
  3181 | D:5      | Entered Level 5 of the Dungeon
  3246 | D:6      | Found a staircase to the Ecumenical Temple.
  3293 | Temple   | Entered the Ecumenical Temple
  3301 | Temple   | Became a worshipper of Uskayaw the Reveller
  3341 | D:4      | Noticed an ice beast
  3342 | D:4      | Killed an ice beast
  3342 | D:4      | Reached * piety under Uskayaw
  3343 | D:4      | Reached XP level 7. HP: 44/44 MP: 7/7
  3501 | D:4      | Reached ** piety under Uskayaw
  3611 | D:4      | Reached skill level 5 in Short Blades
  3806 | D:4      | Reached skill level 5 in Dodging
  4094 | D:4      | Found a burning altar of Makhleb.
  4186 | D:4      | Noticed Dowan
  4236 | D:4      | Noticed Duvessa
  4268 | D:4      | Killed Duvessa
  4269 | D:4      | Reached skill level 7 in Stealth
  4269 | D:4      | Reached skill level 1 in Invocations
  4404 | D:4      | Killed Dowan
  4405 | D:4      | Reached skill level 5 in Fighting
  4820 | D:5      | Reached XP level 8. HP: 19/49 MP: 9/9
  5120 | D:5      | Reached skill level 2 in Invocations
  5367 | D:5      | Reached skill level 6 in Short Blades
  5929 | D:6      | Reached *** piety under Uskayaw
  6158 | D:6      | Reached skill level 6 in Dodging
  6158 | D:6      | Reached skill level 8 in Stealth
  6224 | D:6      | Reached skill level 3 in Invocations
  6262 | D:6      | Reached skill level 6 in Fighting
  6262 | D:6      | Reached XP level 9. HP: 29/52 MP: 0/11
  6772 | D:7      | Noticed Prince Ribbit
  6776 | D:7      | Killed Prince Ribbit
  6777 | D:7      | Reached skill level 7 in Short Blades
  6777 | D:7      | Reached skill level 9 in Stealth
  6817 | D:7      | Reached skill level 7 in Dodging
  6823 | D:7      | You pick up a book of Minor Magic and begin reading...
  6823 | D:7      | You add the spells Magic Dart, Call Imp and Mephitic Cloud
                  | to your library.
  7015 | D:7      | Found an iron altar of Okawaru.
  7151 | D:7      | Found a stormy altar of Qazlal.
  7164 | D:7      | Found a basalt altar of Yredelemnul.
  7237 | D:7      | Found a large runed translucent door.
  7242 | D:7      | Found a large runed translucent door.
  7337 | D:7      | Found a snail-covered altar of Cheibriados.
  7412 | D:7      | Found a runed translucent door.
  7415 | D:7      | Noticed Crazy Yiuf
  7572 | D:7      | Found a glowing golden altar of the Shining One.
  7624 | D:7      | Noticed a boulder beetle
  7779 | D:8      | Identified the +2 long sword of the Lesser Evil {spect,
                  | rElec rN+ Dex+5}
  7790 | D:8      | Reached skill level 7 in Fighting
  7890 | D:8      | Reached skill level 8 in Short Blades
  8019 | D:8      | Noticed a hornet
  8026 | D:8      | Killed a hornet
  8027 | D:8      | Reached skill level 10 in Stealth
  8213 | D:8      | Reached skill level 8 in Dodging
  8213 | D:8      | Reached XP level 10. HP: 63/63 MP: 12/12
  8514 | D:8      | Found an ancient bone altar of Kikubaaqudgha.
  8703 | D:9      | Found an ornate altar of the Wu Jian Council.
  8770 | D:9      | HP: 15/64 [troll (10)]
  8772 | D:9      | HP: 7/64 [troll (8)]
  8776 | D:9      | Reached skill level 8 in Fighting
  8776 | D:9      | Reached skill level 9 in Short Blades
  9014 | D:9      | You pick up a book of Spectacle and begin reading...
  9014 | D:9      | You add the spells Dazzling Flash, Iskenderun's Mystic
                  | Blast and Starburst to your library.
  9043 | D:9      | Reached skill level 11 in Stealth
  9535 | D:9      | Noticed a two-headed ogre
  9566 | D:9      | Killed a two-headed ogre
  9574 | D:9      | Reached skill level 10 in Short Blades
  9813 | D:9      | Found a shimmering blue altar of Sif Muna.
  9979 | D:10     | Entered Level 10 of the Dungeon
 10005 | D:10     | Noticed a two-headed ogre
 10009 | D:10     | Killed a two-headed ogre
 10010 | D:10     | Reached skill level 9 in Fighting
 10010 | D:10     | Reached skill level 12 in Stealth
 10014 | D:10     | Found an opulent altar of Gozag.
 10079 | D:10     | Noticed a centaur warrior
 10083 | D:10     | Killed a centaur warrior
 10084 | D:10     | Reached skill level 10 in Fighting
 10084 | D:10     | Reached XP level 11. HP: 72/72 MP: 13/13
 10109 | D:10     | Reached **** piety under Uskayaw
 10231 | D:10     | Reached skill level 11 in Fighting
 10355 | D:10     | Noticed an ogre mage
 10355 | D:10     | Noticed a centaur warrior
 10506 | D:10     | Noticed a green ugly thing
 10693 | D:10     | You pick up a book of Weapons and begin reading...
 10693 | D:10     | You add the spells Tukima's Dance, Portal Projectile and
                  | Blade Hands to your library.
 10778 | D:10     | Identified the +1 chain mail of Lethargy {Str+4}
 10785 | D:10     | Noticed Snorg
 10786 | D:10     | Noticed a deep elf pyromancer
 10801 | D:10     | HP: 8/111 [Snorg (24)]
 10802 | D:10     | Mangled by Snorg

Vanquished Creatures
  A centaur warrior (D:10)
  2 two-headed ogres
  A komodo dragon (D:10)
  A kobold demonologist (D:10)
  A troll (D:9)
  2 hornets (D:8)
  Prince Ribbit (D:7)
  3 yaks (D:10)
  A shadow (D:8)
  An acid dragon (D:8)
  Duvessa (D:4)
  3 water moccasins
  2 sky beasts
  2 orc warriors (D:9)
  3 ice beasts
  An ogre (D:3)
  A centaur (D:8)
  3 kobold brigands (D:10)
  A bullfrog (D:8)
  2 gnoll sergeants
  A scorpion (D:4)
  5 wights (D:6)
  Dowan (D:4)
  3 killer bees (D:9)
  2 hounds (D:5)
  2 quasits (D:5)
  5 orc priests
  2 jellies
  Jessica (D:3)
  10 orc wizards
  2 iguanas
  10 gnolls
  5 adders
  2 shadow imps
  2 white imps
  3 ufetubi (D:5)
  2 worms
  27 orcs
  4 ball pythons
  7 endoplasms
  3 giant cockroaches
  7 goblins
  7 hobgoblins
  2 jackals (D:3)
  14 kobolds
  5 quokkas
  4 bats
  4 frilled lizards
  6 rats
181 creatures vanquished.

Vanquished Creatures (others)
  5 demonic plants (D:5)
  2 plants (D:3)
7 creatures vanquished.

Grand Total: 188 creatures vanquished

Table legend:
 A = Non-vault XP
 B = Vault XP
 C = Vault XP percentage of total XP
 D = Non-vault monster count
 E = Vault monster count
 F = Vault count percentage of total count
                 A         B        C        D         E       F
            +---------+---------+-------+---------+---------+-------
      Total |    8826 |     938 |   9.6 |     166 |      15 |   8.3
            +---------+---------+-------+---------+---------+-------
        D:1 |      22 |       0 |   0.0 |      15 |       0 |   0.0
        D:2 |      93 |       0 |   0.0 |      20 |       0 |   0.0
        D:3 |     176 |      37 |  17.4 |      21 |       1 |   4.5
        D:4 |     351 |     211 |  37.5 |      17 |       2 |  10.5
        D:5 |     379 |     125 |  24.8 |      13 |       6 |  31.6
        D:6 |     571 |     160 |  21.9 |      17 |       3 |  15.0
        D:7 |     486 |     405 |  45.5 |      12 |       3 |  20.0
        D:8 |    1434 |       0 |   0.0 |      16 |       0 |   0.0
        D:9 |    1833 |       0 |   0.0 |      14 |       0 |   0.0
       D:10 |    3481 |       0 |   0.0 |      21 |       0 |   0.0
            +---------+---------+-------+---------+---------+-------

Illustrated notes

Table legend:
 A = Kills in this place as a percentage of kills in entire the game.
 B = Kills by you in this place as a percentage of kills by you in the entire game.
 C = Kills by friends in this place as a percentage of kills by friends in the entire game.
 D = Other kills in this place as a percentage of other kills in the entire game.
 E = Experience gained in this place as a percentage of experience gained in the entire game.
 F = Experience gained in this place divided by the number of levels of this place that you have seen.
                   A       B       C       D       E      F
               +-------+-------+-------+-------+-------+----------------------
         Total | 100.0 | 100.0 |   N/A |   N/A | 100.0 | 887.6
       Dungeon | 100.0 | 100.0 |   N/A |   N/A | 100.0 | 976.4
               +-------+-------+-------+-------+-------+----------------------

Table legend: (Time is in decaauts)
 A = Elapsed time spent in this place.
 B = Non-inter-level travel time spent in this place.
 C = Inter-level travel time spent in this place.
 D = Time resting spent in this place.
 E = Time spent auto-exploring this place.
 F = Levels seen in this place.
 G = Mean time per level.
                   A        B        C        D        E       F      G
               +--------+--------+--------+--------+--------+-----+--------+
         Total |  10611 |  10233 |    378 |    971 |   7491 |  11 |  964.6 |
       Dungeon |  10596 |  10224 |    372 |    971 |   7489 |  10 | 1059.6 |
        Temple |     14 |      8 |      6 |      0 |      2 |   1 |   14.0 |
               +--------+--------+--------+--------+--------+-----+--------+

Top non-repeatable levels by time:
     D:4: 1352 daAuts
     D:9: 1281 daAuts
     D:1: 1139 daAuts
     D:6: 1104 daAuts
     D:2: 1092 daAuts
     D:5: 1000 daAuts
     D:8: 978 daAuts
     D:7: 944 daAuts
     D:3: 900 daAuts
    D:10: 804 daAuts
  Temple: 14 daAuts
